 Dungeon Crawl Stone Soup version 0.30-b1-2-g02819fbbbe (webtiles) character file.

Game seed: 15451717454148580404

298 rdm the Chiller (level 6, -2/41 HPs)
             Began as a Human Ice Elementalist on June 6, 2023.
             Was an Initiate of Sif Muna.
             Slain by Duvessa
             ... wielding a +1 rapier of flaming
              (14 damage)
             ... on level 4 of the Dungeon.
             The game lasted 00:27:59 (4114 turns).

rdm the Chiller (Human Ice Elementalist)            Turns: 4114, Time: 00:28:00

Health: -2/41      AC:  4    Str:  8    XL:     6   Next: 63%
Magic:  11/11      EV: 12    Int: 18    God:    Sif Muna [......]
Gold:   140        SH:  0    Dex: 13    Spells: 3/11 levels left

rFire   . . .        (no weapon)
rCold   . . .        (no shield)
rNeg    . . .        a - +0 robe
rPois   .            o - +0 helmet
rElec   .            (no cloak)
rCorr   .            (no gloves)
SInv    .            i - +0 pair of boots
Will    .....        r - amulet of the acrobat
Stlth   ++           (no ring)
HPRegen 0.26/turn    (no ring)
MPRegen 0.12/turn

%: acrobat
@: no status effects
A: no striking features
a: Renounce Religion


You were on level 4 of the Dungeon.
You worshipped Sif Muna.
Sif Muna was noncommittal.
You visited 1 branch of the dungeon, and saw 4 of its levels.

You collected 140 gold pieces.

Inventory:

Hand Weapons
 e - a +0 mace
 h - a +0 rapier
 k - the +0 sling "Killer Klown's Peril" {flame, rElec Int+3}
   (You found it on level 2 of the Dungeon)

   Int:       It affects your intelligence (+3).
   rElec:     It insulates you from electricity.
Armour
 a - a +0 robe (worn)
 i - a +0 pair of boots (worn)
 o - a +0 helmet (worn)
 z - a +1 ring mail of willpower
Jewellery
 r - an amulet of the acrobat (around neck)
Wands
 x - a wand of paralysis (9)
 y - a wand of flame (12)
Scrolls
 c - a scroll of teleportation
 f - a scroll of enchant weapon {unknown}
 j - 2 scrolls of blinking {unknown}
 q - a scroll of enchant armour {unknown}
 s - 2 scrolls of brand weapon {unknown}
 t - a scroll of noise {unknown}
 w - a scroll of immolation {unknown}
 A - 2 scrolls of summoning {unknown}
Potions
 b - a potion of magic
 d - a potion of heal wounds
 g - 2 potions of mutation {unknown}
 l - a potion of brilliance
 m - a potion of flight
 n - 5 potions of curing
 p - a potion of invisibility {unknown}
 u - a potion of attraction {unknown}
 v - a potion of ambrosia {unknown}


   Skills:
 + Level 0.2 Fighting
 + Level 0.3 Ranged Weapons
 + Level 2.2 Dodging
 + Level 2.3 Stealth
 + Level 3.4 Spellcasting
 * Level 6.3 Ice Magic
 + Level 0.1 Evocations


You had 3 spell levels left.
You knew the following spells:

 Your Spells              Type           Power      Damage    Failure   Level
a - Freeze                Ice            100%       1d10      1%          1
b - Frozen Ramparts       Ice            52%        1d8       3%          3
c - Summon Ice Beast      Ice/Summ       14%        N/A       38%         4

Your spell library contained the following spells:

 Spells                   Type           Power      Damage    Failure   Level
 Ozocubu's Armour         Ice            26%        N/A       3%          3


Dungeon Overview and Level Annotations

Branches:
Dungeon (4/15)
 Temple: D:4-7

Altars:
Gozag
Nemelex Xobeh
Sif Muna
Zin

Annotations:
D:3 Grinder
D:4 Duvessa


Message History

You freeze the hound!
The hound is heavily wounded.
The hound closely misses you. The hound barely misses you.
Aiming: Freeze (safe; 1% risk of failure)
Press: ? - help, Q - select action, (/) - cycle Shift-Dir - straight line, f/p - hound
Aim: a hound (heavily wounded)
You freeze the hound!
You kill the hound!
j - 2 scrolls labelled AMEERCH SUL HICY (gained 1)
You start resting.
Magic restored.
There is a stone staircase leading down here.
You open the door.
There is an open door here.
Found a faded altar of an unknown god and a shimmering blue altar of Sif Muna.
Found an opulent altar of Gozag.
Found a sparkling altar of Nemelex Xobeh.
Found a glowing silver altar of Zin.
There is a shimmering blue altar of Sif Muna here.
You kneel at the altar of Sif Muna.
Sif Muna welcomes you!
There is an open door here.
Duvessa goes berserk!
Duvessa rages.
Duvessa misses you.
Duvessa rages.
Duvessa hits you with a +1 rapier of flaming!
Duvessa burns you.
Aiming: Paralyse
Press: ? - help, Shift-Dir - straight line, f - Duvessa
Aim: Duvessa, wielding a +1 rapier of flaming and wearing a +0 ring mail (berserk, chance to affect: 31%) Duvessa easily resists.
Duvessa hits you with a +1 rapier of flaming!
Duvessa burns you.
You feel much better.
Duvessa hits you with a +1 rapier of flaming!
Duvessa burns you!
* * * LOW HITPOINT WARNING * * *
Duvessa hits you with a +1 rapier of flaming!
You die...

#..........#. #.########.#. #.#
#.#. #.# #.#. # #.# #.#. #. # #.#
#.#. #...# #######.# #.#.
#####...#######.....#.########.#.
....'...........@e..............>
...##...##....#.#..<#.######'#.#.
##.## #.##.#.#.#.#..#####.####
#)# #.##.#.#.#.####......... #.#
#.##.#.#.#.###..#######. ##.#
#.##.#.#.#.#_..###_._# ...#
#.##.#.#.#.###..##...##.
##########.#...<#...# ##.........
...........####.###########...###


You could see Duvessa (berserk).

Vanquished Creatures
  An ogre (D:4)
  Dowan (D:4)
  A hound (D:4)
  Ijyb (D:4)
  3 adders
  A worm (D:3)
  A dart slug (D:2)
  5 orcs
  8 bats
  4 endoplasms
  2 giant cockroaches
  6 goblins
  9 hobgoblins
  4 jackals (D:3)
  2 quokkas
  5 ball pythons
  9 frilled lizards
  10 kobolds
  5 rats
78 creatures vanquished.

Vanquished Creatures (collateral kills)
  A ball python (D:4)
1 creature vanquished.

Grand Total: 79 creatures vanquished

Notes
Turn   | Place    | Note
-------+----------+-------------------------------------------
     0 | D:1      | rdm the Human Ice Elementalist began the quest for the Orb.
     0 | D:1      | Reached XP level 1. HP: 13/13 MP: 3/3
   156 | D:1      | Reached XP level 2. HP: 19/19 MP: 3/5
   901 | D:1      | Reached XP level 3. HP: 23/24 MP: 4/6
  1495 | D:2      | Identified the +0 sling "Killer Klown's Peril" {flame,
                  | rElec Int+3}
  1591 | D:2      | Reached skill level 5 in Ice Magic
  1596 | D:2      | Learned a level 3 spell: Frozen Ramparts
  1722 | D:2      | Reached XP level 4. HP: 30/30 MP: 3/7
  2828 | D:3      | Noticed Grinder
  2893 | D:3      | Reached XP level 5. HP: 35/35 MP: 7/9
  3131 | D:4      | Noticed Dowan
  3330 | D:4      | Noticed Ijyb
  3335 | D:4      | Killed Ijyb
  3426 | D:4      | Noticed an ogre
  3435 | D:4      | Killed an ogre
  3436 | D:4      | Reached skill level 6 in Ice Magic
  3436 | D:4      | Reached XP level 6. HP: 41/41 MP: 5/10
  3478 | D:4      | Learned a level 4 spell: Summon Ice Beast
  3670 | D:4      | Noticed Duvessa
  3817 | D:4      | Killed Dowan
  4070 | D:4      | Found a faded altar of an unknown god.
  4070 | D:4      | Found a shimmering blue altar of Sif Muna.
  4075 | D:4      | Found an opulent altar of Gozag.
  4077 | D:4      | Found a sparkling altar of Nemelex Xobeh.
  4078 | D:4      | Found a glowing silver altar of Zin.
  4092 | D:4      | Became a worshipper of Sif Muna the Loreminder
  4114 | D:4      | Slain by Duvessa

Illustrated notes

Levels and vault maps discovered:
D:1:      dpeg_arrival_simpleton_c, layout_loops_ring
D:2:      layout_basic, chequers_jeans
D:3:      layout_loops_ring, kennysheep_generic_room_2, uniq_grinder
D:4:      layout_basic, chequers_temple_overflow_minitemple, uniq_duvessa,
          uniq_ijyb

Skill      XL: |  1  2  3  4  5 |
---------------+----------------+-----
Ice Magic      | 5 6 |  6.3
Spellcasting   | 3 |  3.4
Fighting       | |  0.2
Ranged Weapons | |  0.3
Dodging        | |  2.2
Stealth        | |  2.3
Evocations     | |  0.1

Action                     |  1- 3 |  4- 6 || total
---------------------------+-------+-------++-------
  Melee: Rapier            |     2 |       ||     2
   Fire: Sling             |    12 |     2 ||    14
   Cast: Freeze            |    50 |    43 ||    93
         Frozen Ramparts   |       |     5 ||     5
         Summon Ice Beast  |       |     1 ||     1
  Evoke: Wand              |       |     6 ||     6
    Use: Scroll            |     1 |     3 ||     4
         Potion            |       |     2 ||     2
 Armour: Robe              |     8 |     6 ||    14
  Dodge: Dodged            |    11 |    12 ||    23
